AoeStats
← Reamker

Arena

506749134Analyzed
1v1 RM · 19d ago on Sep 15, 2026· 48m 52s· 2 players
Game mode
Random Map
Map size
Tiny (2 player)
Population
200
Speed
Normal
Resources
Standard
Victory
Conquest
Starting age
Dark Age
Ending age
Imperial Age
RankedLock teamsTeams togetherTeam positionsShared explorationLock speedFull tech treeHidden civsTurbo modeCheats
Victory
Defeat
🇨🇴 Hindustanis · Colombia
1140
+14
🇺🇸 Poles · United States
1103
-14
Reamker
10:59 Feudal Age
14:49 Castle Age
17:10 Double-Bit Axe
19:03 Gold Mining
29:01 Szlachta Privileges
29:39 Bloodlines
29:29 Husbandry
29:18 Horse Collar
36:39 Husbandry
37:43 Loom
47:29 Imperial Age
45:45 Heavy Plow
AJ0
10:02 Feudal Age
10:08 Feudal Age
9:36 Loom
14:02 Castle Age
12:42 Double-Bit Axe
12:38 Horse Collar
14:03 Town Watch
18:33 Redemption
22:24 Sanctity
25:43 Scale Mail Armor
26:22 Pikeman
27:23 Devotion
28:16 Squires
29:58 Town Watch
38:26 Fervor
39:28 Chain Mail Armor
45:17 Imperial Age
45:11 Bloodlines
48:24 Chemistry
Connection lost

Rejoining the realm…

Still unreachable

The connection could not be restored.

Session expired

The server has moved on; the page needs a fresh start.